 Dungeon Crawl Stone Soup version 0.27-a0-965-gbf8bb431c4 (webtiles) character file.

Game seed: 3274903089034801708

1452 robertstho the Covert (level 8, -4/85 HPs)
             Began as an Octopode Berserker on Apr 12, 2021.
             Was a Priest of Trog.
             Slain by a slime creature (21 damage)
             ... on level 5 of the Dungeon.
             The game lasted 00:05:53 (6071 turns).

robertstho the Covert (Octopode Berserker)          Turns: 6071, Time: 00:05:54

Health: -4/85      AC:  1    Str: 16    XL:     8   Next: 75%
Magic:  8/8        EV: 14    Int: 15    God:    Trog [***...]
Gold:   199        SH:  0    Dex: 14    Spells: 7/7 levels left

rFire    . . .     SeeInvis .   a - +0 spear
rCold    . . .     Faith    .   (no shield)
rNeg     . . .     Spirit   .   (helmet restricted)
rPois    .         Reflect  .   (no amulet)
rElec    .         Harm     .   o - +6 ring of intelligence
rCorr    .         Rampage  .   (no ring)
Will     .....                  (no ring)
Stlth    ..........             (no ring)
HPRegen  0.24/turn              (no ring)
MPRegen  0.11/turn              (no ring)
                                (no ring)
                                (no ring)

@: berserking, very quick
A: almost no armour, amphibious, 8 rings, camouflage 1, gelatinous body 1,
(nimble swimmer 1), tentacles
a: Renounce Religion, Berserk, Trog's Hand


You were on level 5 of the Dungeon.
You worshipped Trog.
Trog was most pleased with you.
You visited 1 branch of the dungeon, and saw 7 of its levels.

You collected 199 gold pieces.

Inventory:

Hand Weapons
 a - a +0 spear (weapon)
 l - a +0 dagger of holy wrath
Missiles
 n - a curare-tipped dart
Jewellery
 o - a +6 ring of intelligence (left tentacle)
Wands
 j - a wand of digging (6)
Scrolls
 b - a scroll of torment {unknown}
 d - 2 scrolls of fear {unknown}
 e - a scroll of summoning {unknown}
 g - 6 scrolls of teleportation
Potions
 c - 6 potions of curing
 f - 2 potions of heal wounds
 h - 3 potions of haste
 i - 3 potions of flight
 m - a potion of mutation
 p - a potion of attraction {unknown}
 q - a potion of magic


   Skills:
 * Level 6.0 Fighting
 + Level 6.2 Polearms
 + Level 4.1 Dodging
 * Level 9.4 Stealth


You had 7 spell levels left.
You didn't know any spells.
Your spell library was empty.

Dungeon Overview and Level Annotations

Branches:
Dungeon (7/15)             Temple (0/1) D:4

Altars:
Dithmenos
Vehumet
Zin


Innate Abilities, Weirdness & Mutations

You cannot wear most types of armour.
You are amphibious.
You can wear up to eight rings at the same time.
Your skin changes colour to match your surroundings (Stealth+).
Your rubbery body absorbs attacks. (AC +1, EV +1)
((You are camouflaged near water. (Stealth+)))
You have tentacles for arms and can constrict up to eight enemies at once.


Message History

A jelly is nearby!
A jelly is nearby!
You reach to attack!
You hit the jelly.
The jelly is moderately wounded.
You reach to attack!
You hit the jelly.
The jelly is moderately wounded.
You puncture the jelly!
Your tentacles burn!
You squeeze the jelly.
You kill the jelly!
Trog accepts your kill.
You reach to attack!
You barely miss the slime creature. You hit the slime creature.
Your squeeze misses the slime creature.
The slime creature is lightly wounded.
The slime creature hits you!!
You hit the slime creature.
The slime creature is lightly wounded.
The slime creature hits you!
* * * LOW HITPOINT WARNING * * *
You are too injured to fight recklessly!
You are too injured to fight recklessly!
You are too injured to fight recklessly!
A red film seems to cover your vision as you go berserk!
You feel yourself moving faster!
You feel mighty! The slime creature closely misses you.
You barely miss the slime creature.
The slime creature is lightly wounded.
You hit the slime creature.
The slime creature is lightly wounded.
The slime creature hits you!
* * * LOW HITPOINT WARNING * * *
You hit the slime creature.
The slime creature is moderately wounded.
You puncture the slime creature! You squeeze the slime creature!
The slime creature is heavily wounded.
The slime creature completely misses you.
You hit the slime creature. You squeeze the slime creature!
The slime creature is severely wounded.
You hit the slime creature.
The slime creature is almost dead.
The slime creature hits you!!
You die...

#...÷.÷÷P.##.######.##
##'#########..........
##.)JJ.J##########.##
########.##..........
#.......###)#######..
#....######.# #..
#.......##..# #..
#...J...##.## #..
#...@)..##.# #.#
#.......##.# #.#
##.....###.# #..
##..(####)###### ##>
##...###.......## #.
#........#####..# ##
###....### ##.####
###### #.#... #.#.⌠.


You could see a slime creature.

Vanquished Creatures
  A slime creature (D:5)
  A water moccasin (D:4)
  A black bear (D:5)
  An ogre (D:5)
  A necrophage (D:4)
  2 kobold brigands (D:5)
  3 scorpions (D:5)
  4 jellies (D:5)
  A bullfrog zombie (D:5)
  2 orc priests
  2 hounds
  3 iguanas
  An orc wizard (D:4)
  2 hound skeletons (D:4)
  6 adders
  2 ufetubi
  2 worms
  6 dart slugs
  10 orcs
  8 endoplasms
  3 giant cockroaches
  6 goblins
  4 hobgoblins
  10 jackals
  7 kobolds
  A quokka (D:3)
  7 ball pythons
  8 bats
  2 frilled lizards
  3 rats
110 creatures vanquished.

Vanquished Creatures (others)
  7 fungi (D:5)
  7 toadstools (D:5)
14 creatures vanquished.

Grand Total: 124 creatures vanquished

Notes
Turn   | Place    | Note
-------+----------+-------------------------------------------
     0 | D:1      | robertstho the Octopode Berserker began the quest for the
                  | Orb.
     0 | D:1      | Reached XP level 1. HP: 16/16 MP: 1/1
   130 | D:1      | Reached XP level 2. HP: 20/21 MP: 2/2
   139 | D:1      | Reached skill level 1 in Stealth
   479 | D:1      | Reached XP level 3. HP: 26/26 MP: 3/3
   481 | D:1      | Reached ** piety under Trog
   956 | D:2      | Found a faded altar of an unknown god.
  1210 | D:2      | Reached skill level 2 in Stealth
  1210 | D:2      | Reached XP level 4. HP: 25/33 MP: 4/4
  1216 | D:2      | Reached skill level 3 in Stealth
  1615 | D:2      | Found a shadowy altar of Dithmenos.
  1920 | D:3      | Reached XP level 5. HP: 37/37 MP: 5/5
  2199 | D:3      | Reached skill level 4 in Stealth
  2360 | D:3      | Reached *** piety under Trog
  2747 | D:4      | Reached XP level 6. HP: 36/43 MP: 6/6
  2843 | D:4      | Found a radiant altar of Vehumet.
  2918 | D:4      | You fall into a shaft and drop 3 floors!
  2919 | D:7      | Noticed an orc warrior
  2980 | D:6      | Noticed a black bear
  3000 | D:5      | Entered Level 5 of the Dungeon
  3030 | D:5      | HP: 1/44 [hound (4)]
  3038 | D:5      | Reached skill level 5 in Stealth
  3345 | D:5      | Found a glowing silver altar of Zin.
  3383 | D:5      | Reached XP level 7. HP: 36/49 MP: 7/7
  3501 | D:5      | Reached skill level 5 in Polearms
  3501 | D:5      | Reached skill level 6 in Stealth
  3718 | D:5      | Reached skill level 5 in Fighting
  4463 | D:5      | Reached skill level 7 in Stealth
  4468 | D:5      | Reached XP level 8. HP: 23/56 MP: 8/8
  4659 | D:5      | Noticed a slime creature
  4660 | D:5      | Noticed a slime creature
  4660 | D:5      | Noticed a slime creature
  5110 | D:4      | Reached skill level 8 in Stealth
  5176 | D:4      | Found a staircase to the Ecumenical Temple.
  5758 | D:5      | Killed a slime creature
  5759 | D:5      | Reached skill level 9 in Stealth
  6071 | D:5      | Slain by a slime creature

Illustrated notes

Levels and vault maps discovered:
D:1:      minmay_arrival_hallway, layout_basic, minmay_stone_trees_small
D:2:      layout_basic, basic_altar, hellmonk_ecumenical_altar_zigzags
D:3:      layout_loops_ring
D:4:      layout_loops_ring, lemuel_tele_altar, minmay_temple_entry_offerings
D:5:      cheibrodos_fertilizer, layout_basic, lemuel_round_altar,
          minmay_fountain_box
D:6:      minmay_diamond_boxcup, layout_basic, chequers_serial_rivers_micro_c,
          corexii_shack
D:7:      layout_rooms, serial_shops, shop_fountains

Skill      XL: |  1  2  3  4  5  6  7  8 |
---------------+-------------------------+-----
Stealth        | 1 2 3 4 5 7 9 |  9.4
Fighting       | 4 5 6 |  6.0
Polearms       | 4 5 6 |  6.2
Dodging        | 4 |  4.1

Action                   |  1- 3 |  4- 6 |  7- 9 || total
-------------------------+-------+-------+-------++-------
Melee: Spear             |    90 |   135 |   136 ||   361
       Constrict         |    18 |    28 |    13 ||    59
       Tentacles         |    15 |    31 |    35 ||    81
Invok: Berserk           |     1 |     1 |     3 ||     5
       Trog's Hand       |       |     1 |     1 ||     2
  Use: Scroll            |       |     7 |     2 ||     9
       Potion            |       |     1 |       ||     1
 Stab: Sleeping          |     8 |    13 |    12 ||    33
       Distracted        |       |       |     2 ||     2
Armor: Skin              |     8 |     4 |     4 ||    16
Dodge: Dodged            |    57 |    62 |    44 ||   163

Table legend: (Time is in decaauts)
 A = Elapsed time spent in this place.
 B = Non-inter-level travel time spent in this place.
 C = Inter-level travel time spent in this place.
 D = Time resting spent in this place.
 E = Time spent auto-exploring this place.
 F = Levels seen in this place.
 G = Mean time per level.
                   A        B        C        D        E       F      G
               +--------+--------+--------+--------+--------+-----+--------+
         Total |   6058 |   5910 |    148 |    689 |   4427 |   7 |  865.4 |
       Dungeon |   6058 |   5910 |    148 |    689 |   4427 |   7 |  865.4 |
               +--------+--------+--------+--------+--------+-----+--------+

Top non-repeatable levels by time:
     D:5: 2379 daAuts
     D:4: 1052 daAuts
     D:1: 915 daAuts
     D:2: 828 daAuts
     D:3: 801 daAuts
     D:6: 77 daAuts
     D:7: 3 daAuts
